 Dungeon Crawl Stone Soup version 0.29.1-12-g30fa7ad0bf (webtiles) character file.

Game seed: 5785103383375102611

362 cowcol the Chopper (level 6, 0/78 HPs)
             Began as a Draconian Berserker on Dec 20, 2022.
             Was a Believer of Trog.
             Slain by a hobgoblin (3 damage)
             ... on level 4 of the Dungeon.
             The game lasted 00:06:21 (2076 turns).

cowcol the Chopper (Draconian Berserker)            Turns: 2076, Time: 00:06:22

Health: 0/78       AC:  6    Str: 19    XL:     6   Next: 39%
Magic:  6/6        EV: 13    Int:  7    God:    Trog [**....]
Gold:   201        SH:  0    Dex: 13    Spells: 5/5 levels left

rFire   + . .      SeeInvis .   m - +6 executioner's axe (elec)
rCold   x . .      Faith    .   (shield currently unavailable)
rNeg    . . .      Spirit   .   (body armour unavailable)
rPois   .          Reflect  .   (helmet restricted)
rElec   .          Harm     .   (no cloak)
rCorr   .          Rampage  .   (no gloves)
Will    +....                   (no boots)
Stlth   ..........              (no amulet)
HPRegen 0.23/turn               b - ring of fire
MPRegen 0.10/turn               h - ring of willpower

@: berserking (expiring), very quick
A: AC +6, unfitting armour, cold-blooded
a: Renounce Religion, Berserk, Trog's Hand


You were on level 4 of the Dungeon.
You worshipped Trog.
Trog was pleased with you.
You visited 1 branch of the dungeon, and saw 4 of its levels.

You collected 201 gold pieces.

Inventory:

Hand Weapons
 a - a +0 hand axe
 c - a +0 short sword
 f - a +0 club
 j - a +0 spear of venom
 m - a +6 executioner's axe of electrocution (weapon)
Missiles
 g - 22 stones (quivered)
Jewellery
 b - a ring of fire (left hand)
 h - a ring of willpower (right hand)
Wands
 e - a wand of polymorph (8)
Scrolls
 d - a scroll of teleportation {unknown}
 l - a scroll of fear
 o - a scroll of noise {unknown}
Potions
 i - a potion of lignification {unknown}
 k - a potion of heal wounds {unknown}
 n - 2 potions of brilliance {unknown}


   Skills:
 + Level 4.0 Fighting
 - Level 0.5 Short Blades
 * Level 6.0(6.2) Axes
 * Level 1.9(4.2) Polearms
 + Level 3.3 Dodging
 - Level 0.1 Stealth


You had 5 spell levels left.
You didn't know any spells.
Your spell library was empty.

Dungeon Overview and Level Annotations

Branches:
Dungeon (4/15)
 Temple: D:4-7

Altars:
Dithmenos
Vehumet

Annotations:
D:4 Ijyb


Innate Abilities, Weirdness & Mutations

Your plain brown scales are hard. (AC +6)
You cannot fit into any form of body armour.
You are cold-blooded and may be slowed by cold attacks.


Message History

You have reached level 6!
Your scales feel tougher.
You slice the centaur!!
You kill the centaur!
Trog accepts your kill.
You closely miss the kobold. You barely miss the endoplasm.
The kobold closely misses you.
The endoplasm hits you but does no damage.
The jackal misses you.
Your Fighting skill increases to level 4!
Your Axes skill increases to level 6!
You slash the kobold! Lightning courses through the kobold!
You kill the kobold!
Trog accepts your kill.
You slash the endoplasm!
Lightning courses through the endoplasm!!
You kill the endoplasm!
Trog accepts your kill.
You slash the jackal!
You kill the jackal!
Trog accepts your kill.
You barely miss Ijyb. You barely miss the hobgoblin. Ijyb barely misses you.
The hobgoblin hits you but does no damage.
The jackal bites you.
* * * LOW HITPOINT WARNING * * *
You hit Ijyb.
Ijyb is lightly wounded.
You hit the hobgoblin. You barely miss the jackal.
Ijyb hits you but does no damage. The hobgoblin barely misses you.
The jackal bites you.
* * * LOW HITPOINT WARNING * * *
Ijyb hits you with a +0 dagger.
* * * LOW HITPOINT WARNING * * *
You closely miss Ijyb.
Your tail-slap misses Ijyb.
Ijyb is lightly wounded.
You slash the jackal!
You kill the jackal!
Trog accepts your kill.
You barely miss the hobgoblin. The hobgoblin hits you.
You die... #........ l . #...>.... hg..

#(......... ...=.
##..........
......#....:......
..... ...lK#....#
......##gg)#....#
......).)@....[#####
............[.8#...#
...................#
#..............#<..#
##.............#####
##...........##
#...........#
#..........##
#..........#


You could see Ijyb, an iguana, a hobgoblin and a kobold.

Vanquished Creatures
  A centaur (D:4)
  An ogre (D:4)
  A water moccasin zombie (D:4)
  An orc wizard (D:4)
  4 gnolls (D:3)
  2 adders
  An adder skeleton (D:4)
  6 orcs
  3 ball pythons
  7 endoplasms
  2 giant cockroaches
  2 goblins (D:2)
  A hobgoblin (D:1)
  7 jackals
  2 kobolds
  5 quokkas
  2 frilled lizards (D:3)
  7 rats
55 creatures vanquished.

Vanquished Creatures (others)
  2 withered plants (D:4)
2 creatures vanquished.

Grand Total: 57 creatures vanquished

Notes
Turn   | Place    | Note
-------+----------+-------------------------------------------
     0 | D:1      | cowcol the Draconian Berserker began the quest for the Orb.
     0 | D:1      | Reached XP level 1. HP: 19/19 MP: 1/1
   354 | D:1      | Reached XP level 2. HP: 26/26 MP: 2/2
   955 | D:2      | Reached XP level 3. HP: 26/31 MP: 3/3
  1601 | D:3      | Identified a scroll of acquirement
  1601 | D:3      | Acquired a +6 executioner's axe of electrocution
  1654 | D:3      | Reached ** piety under Trog
  1730 | D:3      | Found a radiant altar of Vehumet.
  1730 | D:3      | Found a shadowy altar of Dithmenos.
  1834 | D:3      | Reached skill level 4 in Axes
  1834 | D:3      | Reached skill level 1 in Polearms
  1834 | D:3      | Reached XP level 4. HP: 40/40 MP: 4/4
  2002 | D:3      | Found a faded altar of an unknown god.
  2054 | D:4      | Reached XP level 5. HP: 36/46 MP: 5/5
  2062 | D:4      | Noticed an ogre
  2063 | D:4      | Noticed Ijyb
  2064 | D:4      | Reached skill level 5 in Axes
  2064 | D:4      | Noticed a centaur
  2071 | D:4      | Killed an ogre
  2072 | D:4      | Reached XP level 6. HP: 6/52 MP: 6/6
  2073 | D:4      | Reached skill level 6 in Axes
  2075 | D:4      | HP: 3/78 [Ijyb/+0 dagger (1)]
  2076 | D:4      | Slain by a hobgoblin

Illustrated notes

Levels and vault maps discovered:
D:1:      saegor_arrival_simple_d, layout_basic
D:2:      layout_rooms, minmay_misc_feat_secret_circle
D:3:      layout_rooms, chequers_temple_overflow_statue_of_worship,
          dilly_ecumenical_altar_fadedgnrine
D:4:      layout_rooms, gammafunk_ghost_stat_death, serial_undead,
          serial_undead_c, serial_undead_f, serial_undead_e, serial_undead_d,
          serial_bayou_ford_a, chequers_serial_rivers_large_a,
          amethyst_killhole, minmay_manual_maat, uniq_pikel, uniq_ijyb,
          uniq_blork_the_orc

Skill      XL: |  1  2  3  4  5  6 |
---------------+-------------------+-----
Dodging        | 3 |  3.3
Axes           | 4 5 6 |  6.0
Polearms       | 1 |  1.9
Fighting       | 4 |  4.0
Short Blades   | |  0.5
Stealth        | |  0.1

Action                   |  1- 3 |  4- 6 || total
-------------------------+-------+-------++-------
Melee: Hand axe          |    66 |       ||    66
       Tailslap          |     4 |     2 ||     6
       Executioner's axe |    16 |    26 ||    42
       Spear             |    13 |       ||    13
Invok: Berserk           |     1 |     1 ||     2
  Use: Scroll            |     2 |       ||     2
Armor: Skin              |    34 |    21 ||    55
Dodge: Dodged            |    65 |    28 ||    93
